 Dungeon Crawl Stone Soup version 0.22.1 (webtiles) character file.

71 topirishpotato the Sneak (level 4, -2/28 HPs)
             Began as an Octopode Transmuter on Sept 18, 2018.
             Killed by divine providence
             ... invoked by an orc priest
              (13 damage)
             ... on level 3 of the Dungeon.
             The game lasted 00:04:14 (1337 turns).

topirishpotato the Sneak (Octopode Transmuter)      Turns: 1337, Time: 00:04:15

Health: -2/28      AC:  1    Str: 10    XL:     4   Next: 24%
Magic:  7/7        EV: 13    Int: 15    God:
Gold:   64         SH:  0    Dex: 12    Spells: 6/7 levels left

rFire    . . .     SeeInvis .     - Unarmed
rCold    . . .     Gourm    .   (no shield)
rNeg     . . .     Faith    .   (helmet restricted)
rPois    .         Spirit   .   (no amulet)
rElec    .         Reflect  .   (no ring)
rCorr    .         Harm     .   (no ring)
MR       .....                  (no ring)
Stlth    ++++......             (no ring)
HPRegen  0.09/turn              (no ring)
MPRegen  0.10/turn              (no ring)
                                (no ring)
                                (no ring)

@: no status effects
A: almost no armour, stealthy swim, amphibious, 8 rings, constrict 8, camouflage
1, gelatinous body 1
a: no special abilities


You were on level 3 of the Dungeon.
You were hungry.

You visited 1 branch of the dungeon, and saw 4 of its levels.

You collected 64 gold pieces.

Inventory:

Missiles
 a - 35 arrows
Scrolls
 f - a scroll of remove curse
 g - 2 scrolls of identify {unknown}
 i - a scroll of magic mapping
 j - a scroll of teleportation
 k - 2 scrolls of enchant armour {unknown}
 m - a scroll of immolation {unknown}
Potions
 b - a potion of magic {unknown}
 d - a potion of heal wounds {unknown}
 e - a potion of agility {unknown}
 h - 2 potions of brilliance {unknown}
 l - a potion of mutation {unknown}
Comestibles
 c - 3 rations
 n - a chunk of flesh


   Skills:
 - Level 1.0 Fighting
 - Level 2.0 Dodging
 + Level 5.5 Stealth
 - Level 3.0 Unarmed Combat
 - Level 2.0 Spellcasting
 - Level 2.0 Transmutations


You had 6 spell levels left.
You knew the following spells:

 Your Spells              Type           Power        Failure   Level  Hunger
a - Beastly Appendage     Tmut           #.....       10%         1    #......

Your spell library contained the following spells:

 Spells                   Type           Power        Failure   Level  Hunger
 Sticks to Snakes         Tmut           #.......     14%         2    ###....
 Spider Form              Tmut/Pois      #.........   41%         3    ###....
 Ice Form                 Ice/Tmut       #.......     82%         4    #####..
 Blade Hands              Tmut           #.........   95%         5    ######.


Dungeon Overview and Level Annotations

Branches:
Dungeon (4/15)
 Temple: D:4-7

Altars:
Trog


Innate Abilities, Weirdness & Mutations

You cannot wear most types of armour.
You are very stealthy in the water. (Stealth+)
You are amphibious.
You can wear up to eight rings at the same time.
You can use your tentacles to constrict eight enemies at once.
Your skin changes colour to match your surroundings (Stealth+).
Your rubbery body absorbs attacks. (AC +1, EV +1)


Message History

You grab the orc.
The orc is moderately wounded.
You constrict the orc.
An orc comes into view.
The orc misses you.
You tentacle-slap the orc.
The orc is severely wounded.
You constrict the orc. You tentacle-slap the orc.
You kill the orc!
A hobgoblin comes into view. It is wielding a club.
A bat comes into view.
Things that are here:
a club; a leather armour A goblin comes into view.
The orc throws a tomahawk of returning.
The tomahawk of returning hits you.
You see here a tomahawk of returning.
The orc priest invokes the aid of Beogh against you.
Beogh smites you!
You die...

.g.. #.......# #o.
#.#####.# #o#
#.#.....## ##o##
#......... #..%#
#.#......÷ #...#
#.#.....##
#o..#####..<....##
#(.†#...#.###...##
#@..#...#.###...##
####...#...#.......##
...(.......)...##..###
..................## #
...[...........##.# #
#####...#...#####.####
#.........# #.##..
#.......#.# #.##.#
#....####.# #.##.#


You could see an orc priest and 3 orcs.

Vanquished Creatures
  3 adders
  2 worms
  A dart slug (D:2)
  2 leopard geckos (D:1)
  An orc (D:3)
  A giant cockroach (D:4)
  6 goblins
  3 hobgoblins
  3 jackals (D:2)
  2 kobolds (D:1)
  5 bats
  2 frilled lizards (D:1)
  3 rats
34 creatures vanquished.

Notes
Turn   | Place    | Note
-------+----------+-------------------------------------------
     0 | D:1      | topirishpotato the Octopode Transmuter began the quest for
                  | the Orb.
     0 | D:1      | Reached XP level 1. HP: 13/13 MP: 3/3
    38 | D:1      | Reached skill level 1 in Stealth
   110 | D:1      | Reached skill level 2 in Stealth
   126 | D:1      | Reached XP level 2. HP: 12/18 MP: 5/5
   247 | D:1      | Reached skill level 3 in Stealth
   814 | D:2      | Reached XP level 3. HP: 21/23 MP: 6/6
   840 | D:2      | Reached skill level 4 in Stealth
   882 | D:2      | You fall through a shaft for 2 floors!
   959 | D:4      | Noticed a phantom
  1014 | D:3      | Reached skill level 5 in Stealth
  1014 | D:3      | Reached XP level 4. HP: 18/28 MP: 7/7
  1217 | D:3      | Found a bloodstained altar of Trog.
  1337 | D:3      | Killed from afar by an orc priest

Skill      XL: |  1  2  3 |
---------------+----------+-----
Stealth        | 2 3 5 |  5.5
Fighting       | |  1.0
Dodging        | |  2.0
Unarmed Combat | |  3.0
Spellcasting   | |  2.0
Transmutations | |  2.0

Action                   |  1- 3 |  4- 6 || total
-------------------------+-------+-------++-------
Melee: Unarmed           |    59 |    14 ||    73
       Constrict         |    16 |     5 ||    21
       Kick              |     9 |     2 ||    11
       Punch             |     4 |       ||     4
       Tentacles         |     2 |     3 ||     5
 Cast: Beastly Appendage |     5 |     5 ||    10
  Use: Scroll            |     3 |       ||     3
 Stab: Sleeping          |     6 |       ||     6
       Distracted        |     1 |       ||     1
  Eat: Chunk             |       |     1 ||     1
Armor: Skin              |     3 |     1 ||     4
Dodge: Dodged            |    41 |     4 ||    45
